 Dungeon Crawl Stone Soup version 0.30-a0-739-gea05faddec (webtiles) character file.

Game seed: 7638317997014322635

86 holysushi the Magician (level 4, -1/27 HPs)
             Began as an Octopode Conjurer on Feb 4, 2023.
             Killed from afar by an orc wizard (7 damage)
             ... with a magic dart
             ... on level 3 of the Dungeon.
             The game lasted 00:02:38 (1938 turns).

holysushi the Magician (Octopode Conjurer)          Turns: 1938, Time: 00:02:38

Health: -1/27      AC:  1    Str:  6    XL:     4   Next: 50%
Magic:  10/10      EV: 13    Int: 22    God:
Gold:   137        SH:  0    Dex: 16    Spells: 8/11 levels left

rFire   . . .      SeeInvis .    f - +2 short sword (venom)
rCold   . . .      Faith    .    (no shield)
rNeg    . . .      Spirit   .    (helmet restricted)
rPois   .          Reflect  .    (no amulet)
rElec   .          Harm     .    c - +6 ring of dexterity
rCorr   .          Rampage  .    (no ring)
Will    .....                    (no ring)
Stlth   ++                       (no ring)
HPRegen 0.24/turn                (no ring)
MPRegen 0.12/turn                (no ring)
                                 (no ring)
                                 (no ring)

@: confused
A: almost no armour, amphibious, 8 rings, camouflage 1, gelatinous body 1,
(nimble swimmer 1), tentacles
a: no special abilities


You were on level 3 of the Dungeon.
You visited 1 branch of the dungeon, and saw 3 of its levels.

You collected 177 gold pieces.
You spent 40 gold pieces at shops.

Inventory:

Hand Weapons
 f - a +2 short sword of venom (weapon)
Jewellery
 c - a +6 ring of dexterity (left tentacle)
Scrolls
 b - 2 scrolls of fear {unknown}
 d - 2 scrolls of teleportation
 g - 2 scrolls of noise {unknown}
 h - 3 scrolls of identify
Potions
 a - 2 potions of magic
 e - a potion of resistance
 i - a potion of berserk rage {unknown}
 j - a potion of curing {unknown}
 k - a potion of might {unknown}
 l - a potion of heal wounds {unknown}


   Skills:
 - Level 2.0 Dodging
 - Level 2.6 Stealth
 + Level 4.3 Spellcasting
 - Level 4.0 Conjurations


You had 8 spell levels left.
You knew the following spells:

 Your Spells              Type           Power      Damage    Failure   Level
a - Magic Dart            Conj           88%        1d7       2%          1
b - Searing Ray           Conj           44%        2d6       3%          2

Your spell library contained the following spells:

 Spells                   Type           Power      Damage    Failure   Level
 Dazzling Flash           Conj/Hex       26%        N/A       14%         3
 Fulminant Prism          Conj/Hex       6%         3d7       43%         4
 Iskenderun's Mystic Bla  Conj/Tloc      13%        2d5       43%         4


Dungeon Overview and Level Annotations

Branches:
Dungeon (3/15) Zot: 16062

Altars:

Shops:
D:2 ?


Innate Abilities, Weirdness & Mutations

You cannot wear most types of armour.
You are amphibious.
You can wear up to eight rings at the same time.
Your skin changes colour to match your surroundings (Stealth+).
Your rubbery body absorbs attacks. (AC +1, EV +1)
((You are camouflaged when in or above water. (Stealth+)))
You have tentacles for arms and can constrict up to eight enemies at once.


Message History

The orc hits you with a +0 mace.
An orc wizard comes into view. It is wielding a +0 dagger.
There are monsters nearby!
You hit the orc.
You kill the orc!
There are monsters nearby!
You hit the quokka but do no damage.
The quokka is poisoned.
Your grab misses the quokka. The quokka misses you.
The orc wizard casts a spell.
The orc wizard flickers and vanishes!
Deactivating autopickup; reactivate with Ctrl-A.
An orc comes into view. It is wielding a +0 short sword.
You hit the quokka.
You kill the quokka!
An orc comes into view. It is wielding a +0 dagger.
You hit the orc. You grab the orc.
The orc is heavily wounded.
You constrict the orc. The orc hits you with a +0 short sword.
You hit the orc but do no damage.
The orc is poisoned.
The orc is severely wounded.
You constrict the orc.
You kill the orc!
You hear some strange, mumbled words.
You are confused.
You are too confused!
You are too confused!
You hear some strange, mumbled words.
You are more confused.
Things that are here:
a +0 short sword; a +0 scale mail; an orc corpse You hit something but do no damage.
The orc hits you with a +0 short sword. Something hits you.
You barely miss something. The orc closely misses you. Something hits you.
You bump into the rock wall.
The orc throws a stone.
The stone barely misses you. The orc hits you with a +0 short sword.
* * * LOW HITPOINT WARNING * * *
You hear some strange, mumbled words.
A magic dart appears from out of thin air!
The magic dart hits you!
You die...

#####+###
#........
#.......#
#.......#
#......o#
#.....o{#
#+#@#
#.#.#######
#>.........
###..#######
#.........
#.########
#.# #.#
###### #.#
#.....


You could see 2 orcs.

Vanquished Creatures
  An adder (D:2)
  3 worms
  A dart slug (D:1)
  3 orcs (D:3)
  3 ball pythons
  4 bats
  An endoplasm (D:3)
  5 giant cockroaches (D:1)
  4 goblins
  5 hobgoblins
  10 jackals
  3 quokkas
  4 frilled lizards (D:1)
  4 kobolds
  5 rats
56 creatures vanquished.

Notes
Turn   | Place    | Note
-------+----------+-------------------------------------------
     0 | D:1      | holysushi the Octopode Conjurer began the quest for the
                  | Orb.
     0 | D:1      | Reached XP level 1. HP: 11/11 MP: 3/3
   210 | D:1      | Reached XP level 2. HP: 17/17 MP: 0/5
   635 | D:1      | Reached XP level 3. HP: 21/21 MP: 4/7
  1040 | D:2      | Found Ruarak's Magic Scroll Emporium.
  1050 | D:2      | Bought 2 scrolls of identify for 40 gold pieces
  1407 | D:2      | Reached XP level 4. HP: 16/27 MP: 10/10
  1764 | D:3      | Learned a level 2 spell: Searing Ray
  1938 | D:3      | Killed from afar by an orc wizard

Illustrated notes

Levels and vault maps discovered:
D:1:      lightli_arrival_windingriver, layout_basic, nicolae_wormholes
D:2:      layout_basic, serial_shops, shop_scrolls
D:3:      layout_basic, nicolae_overflow_two_pavilions

Skill      XL: |  1  2  3 |
---------------+----------+-----
Spellcasting   | 3 4 |  4.3
Dodging        | |  2.0
Stealth        | |  2.6
Conjurations   | |  4.0

Action                     |  1- 3 |  4- 6 || total
---------------------------+-------+-------++-------
  Melee: Unarmed           |    46 |       ||    46
         Constrict         |    18 |     7 ||    25
         Tentacles         |    12 |     4 ||    16
         Short sword       |    28 |    29 ||    57
   Cast: Magic Dart        |    45 |       ||    45
    Use: Scroll            |     2 |       ||     2
   Stab: Sleeping          |     6 |     1 ||     7
         Distracted        |       |     1 ||     1
 Armour: Skin              |     6 |     2 ||     8
  Dodge: Dodged            |    50 |    23 ||    73

Table legend: (Time is in decaauts)
 A = Elapsed time spent in this place.
 B = Non-inter-level travel time spent in this place.
 C = Inter-level travel time spent in this place.
 D = Time resting spent in this place.
 E = Time spent auto-exploring this place.
 F = Levels seen in this place.
 G = Mean time per level.
                   A        B        C        D        E       F      G
               +--------+--------+--------+--------+--------+-----+--------+
         Total |   1936 |   1856 |     80 |    287 |   1152 |   3 |  645.3 |
       Dungeon |   1936 |   1856 |     80 |    287 |   1152 |   3 |  645.3 |
               +--------+--------+--------+--------+--------+-----+--------+

Top non-repeatable levels by time:
     D:1: 1039 daAuts
     D:2: 666 daAuts
     D:3: 230 daAuts
